 Dungeon Crawl Stone Soup version 0.27.0-1-g7a089689b8 (webtiles) character file.

Game seed: 9725132505558588119

95 Acheron the Sneak (level 4, 0/33 HPs)
             Began as a Demonspawn Brigand on Aug 3, 2021.
             Was a Follower of Fedhas.
             Succumbed to a scorpion's poison
             ... on level 2 of the Dungeon.
             The game lasted 00:13:34 (3120 turns).

Acheron the Sneak (Demonspawn Brigand)              Turns: 3120, Time: 00:13:35

Health: 0/33       AC:  4    Str: 11    XL:     4   Next: 40%
Magic:  4/4        EV: 12    Int: 13    God:    Fedhas [*.....]
Gold:   120        SH:  0    Dex: 15    Spells: 0/3 levels left

rFire    . . .     SeeInvis .   a - +2 dagger
rCold    . . .     Faith    .   (no shield)
rNeg     . . .     Spirit   .   b - +0 robe
rPois    .         Reflect  .   (helmet restricted)
rElec    .         Harm     .   o - +0 cloak
rCorr    .         Rampage  .   i - +0 pair of gloves
Will     .....                  (no boots)
Stlth    +++.......             (no amulet)
HPRegen  0.11/turn              h - ring of wizardry
MPRegen  0.09/turn              (no ring)

@: lethally poisoned (0 -> -7)
A: horns 1, demonic guardian 1, powered by pain 1
a: Renounce Religion


You were on level 2 of the Dungeon.
You worshipped Fedhas.
Fedhas was aware of your devotion.
You visited 1 branch of the dungeon, and saw 4 of its levels.

You collected 120 gold pieces.

Inventory:

Hand Weapons
 a - a +2 dagger (weapon)
 k - a +0 hand axe
 n - a +0 falchion
Missiles
 d - 7 poisoned darts (quivered)
 e - 2 curare-tipped darts
Armour
 b - a +0 robe (worn)
 f - a +0 scale mail
 i - a +0 pair of gloves (worn)
 o - a +0 cloak (worn)
Jewellery
 h - a ring of wizardry (left hand)
 p - a +6 ring of strength
Scrolls
 c - a scroll of blinking {unknown}
Potions
 g - 2 potions of degeneration {unknown}
 j - 4 potions of resistance
 l - a potion of curing
 m - a potion of heal wounds {unknown}


   Skills:
 * Level 2.2 Fighting
 * Level 2.4 Short Blades
 * Level 2.1 Throwing
 * Level 0.7 Armour
 * Level 1.3 Dodging
 * Level 4.3 Stealth
 * Level 0.4 Spellcasting
 * Level 0.6 Conjurations
 * Level 0.2 Invocations


You couldn't memorise any spells.
You knew the following spells:

 Your Spells              Type           Power      Damage    Failure   Level
a - Magic Dart            Conj           4%         1d3       9%          1
b - Call Imp              Summ           0%         N/A       17%         2

Your spell library contained the following spells:

 Spells                   Type           Power      Damage    Failure   Level
 Sandblast                Erth           0%         2d4       12%         1
 Passwall                 Tmut/Erth      0%         N/A       17%         2
 Slow                     Hex            0%         N/A       17%         2
 Confusing Touch          Hex            0%         N/A       32%         3
 Mephitic Cloud           Conj/Pois/Air  0%         N/A       32%         3
 Lee's Rapid Deconstruct  Erth           0%         3d5*      96%         5
 Yara's Violent Unravell  Hex/Tmut       0%         3d3       96%         5


Dungeon Overview and Level Annotations

Branches:
Dungeon (4/15)
 Temple: D:4-7

Altars:
Fedhas
Vehumet

Shops:
D:1 [   D:3 (


Innate Abilities, Weirdness & Mutations

You have a pair of small horns on your head.
A weak demonic guardian rushes to your aid.
You sometimes gain a little power by taking damage.


Message History

Found an escape hatch in the floor.
There is an escape hatch in the floor here.
The rat twitches its whiskers.
You barely miss the rat. The rat completely misses you.
You hit the rat.
You kill the rat!
Fedhas appreciates your contribution to the ecosystem.
There is a stone staircase leading down here.
Found a fuming green potion and a blackened cabochon ring.
There is a stone staircase leading down here.
A kobold comes into view. It is wielding a +0 short sword.
You see here a +6 ring of strength.
p - a +6 ring of strength The helpless kobold fails to defend itself.
You impale the kobold!!
You kill the kobold!
Fedhas appreciates your contribution to the ecosystem.
The scorpion completely misses you.
You hit the scorpion.
The scorpion is moderately wounded.
The scorpion stings you but does no damage.
You closely miss the scorpion.
The scorpion is moderately wounded.
The scorpion stings you!
You are poisoned.
The scorpion poisons you!
You hit the scorpion.
The scorpion is heavily wounded.
You feel very sick. The scorpion stings you.
You barely miss the scorpion.
The scorpion is heavily wounded.
You feel sick. The scorpion stings you.
* * * LOW HITPOINT WARNING * * *
You feel sick. The scorpion stings you.
* * * LOW HITPOINT WARNING * * *
A demonic guardian appears!
You swap places.
You die...
Fedhas appreciates your contribution to the ecosystem.

.# #.# #.#
#.# .#
#.###.# #.#
## #..##.#
#.# #
##.##.# #.#
## #..#.#
#.# .#
##.#.# #.#
.# #...# #.#
.#
##..######.#
##
#.>.@5s...#
#
###########


You could see a scorpion (ally target) and a friendly ufetubus (summoned).

Vanquished Creatures
  An iguana (D:4)
  3 adders
  A worm (D:3)
  An orc (D:3)
  4 endoplasms (D:1)
  4 giant cockroaches
  4 hobgoblins
  3 kobolds
  A quokka (D:3)
  5 ball pythons
  5 bats
  3 frilled lizards
  A goblin (D:1)
  2 rats
38 creatures vanquished.

Notes
Turn   | Place    | Note
-------+----------+-------------------------------------------
     0 | D:1      | Acheron the Demonspawn Brigand began the quest for the Orb.
     0 | D:1      | Reached XP level 1. HP: 16/16 MP: 1/1
   364 | D:1      | Reached skill level 1 in Dodging
   364 | D:1      | Reached skill level 4 in Stealth
   364 | D:1      | Gained mutation: You have a pair of small horns on your
                  | head. [demonic ancestry]
   364 | D:1      | Reached XP level 2. HP: 22/22 MP: 2/2
   409 | D:1      | Found Seiprati's Antique Armour Shoppe.
   487 | D:1      | Learned a level 1 spell: Magic Dart
  1203 | D:3      | Found a faded altar of an unknown god.
  1212 | D:3      | Became a worshipper of Fedhas Madash
  1212 | D:3      | Reached * piety under Fedhas
  1220 | D:3      | Gained mutation: You sometimes gain a little power by
                  | taking damage. [demonic ancestry]
  1220 | D:3      | Reached XP level 3. HP: 27/27 MP: 3/3
  1234 | D:3      | Found Remox's Antique Weapon Boutique.
  1647 | D:4      | Gained mutation: A weak demonic guardian rushes to your
                  | aid. [demonic ancestry]
  1647 | D:4      | Reached XP level 4. HP: 5/33 MP: 4/4
  1980 | D:4      | Learned a level 2 spell: Call Imp
  2771 | D:3      | Found a radiant altar of Vehumet.
  2936 | D:2      | Noticed a scorpion
  3120 | D:2      | Succumbed to a scorpion's poison

Illustrated notes

Levels and vault maps discovered:
D:1:      evilmike_arrival_crescent, layout_loops_ring, serial_shops,
          nicolae_shop_crystal
D:2:      layout_basic, st_stairs_10, minmay_strange_pillars,
          roderic_serpentine_path
D:3:      layout_basic, mainiacjoe_overflow_boulevard,
          ebering_ecumenical_altar_abandoned, serial_shops, shop,
          minmay_fractal_squares_gapless_5
D:4:      layout_layer_cave, mainiacjoe_overflow_concentric_impassable,
          trog_wizard

Skill      XL: |  1  2 |
---------------+-------+-----
Dodging        | 1 |  1.3
Stealth        | 4 |  4.3
Throwing       | 2 |  2.1
Short Blades   | 2 |  2.4
Fighting       | |  2.2
Armour         | |  0.7
Spellcasting   | |  0.4
Conjurations   | |  0.6
Invocations    | |  0.2

Action                   |  1- 3 |  4- 6 || total
-------------------------+-------+-------++-------
Melee: Dagger            |   100 |    31 ||   131
       Headbutt          |    15 |     3 ||    18
Throw: Dart              |     3 |     3 ||     6
 Cast: Call Imp          |       |     1 ||     1
  Use: Scroll            |     1 |     4 ||     5
 Stab: Sleeping          |     6 |     2 ||     8
Armor: Robe              |    17 |     9 ||    26
Dodge: Dodged            |    37 |    14 ||    51
